 Dungeon Crawl Stone Soup version 0.31-a0-986-g5e6e4ef867 (webtiles) character file.

Game seed: 17703121525959416556

36740 DocClef the Fighter (level 13, -8/139 HPs)
             Began as a Troll Shapeshifter on Nov 11, 2023.
             Was the Champion of Okawaru.
             Mangled by a skyshark (22 damage)
             ... on level 4 of the Lair of Beasts.
             The game lasted 00:26:02 (11621 turns).

DocClef the Fighter (Troll Shapeshifter)           Turns: 11621, Time: 00:26:03

Health: -8/139     AC: 14    Str: 29    XL:     13   Next: 54%
Magic:  10/12      EV: 13    Int:  6    God:    Okawaru [******]
Gold:   985        SH:  0    Dex:  9    Spells: 12/12 levels left

rFire   . . .        n - +8 arc blade {discharge, rElec}
rCold   . . .        (no shield)
rNeg    . . .        G - +0 troll leather armour
rPois   .            (helmet currently unavailable)
rElec   +            (cloak currently unavailable)
rCorr   .            (gloves unavailable)
SInv    .            (boots unavailable)
Will    .....        C - amulet of regeneration
Stlth   ++           u - +4 ring of protection
HPRegen 2.83/turn    z - +4 ring of protection
MPRegen 0.13/turn

%: no passive effects
@: beast-form, heroic, frozen, very slow
A: beast (slay +4), large, unfitting armour, claws 3, regeneration 1, shaggy fur
1, tough skin 1, sense surroundings 1
a: Begin Untransformation, Renounce Religion, Heroism, Finesse, Duel, Receive
Weapon, Receive Armour


You were on level 4 of the Lair of Beasts.
You worshipped Okawaru.
Okawaru was exalted by your worship.
You were a hulking beast.
You visited 3 branches of the dungeon, and saw 16 of its levels.
You also visited: Ossuary and Bailey.

You collected 985 gold pieces.

Inventory:

Hand Weapons
 n - the +8 arc blade (weapon) {discharge, rElec}
   (You found it in a bailey)

   rElec:     It insulates you from electricity.
Missiles
 D - a throwing net
 M - 2 silver javelins
Armour
 a - a +1 animal skin
 G - a +0 troll leather armour (worn)
 J - +0 acid dragon scales
 K - a +1 hat of stealth
Jewellery
 m - a ring of protection from cold
 p - a ring of magical power
 u - a +4 ring of protection (left claw)
 z - a +4 ring of protection (right claw)
 C - an amulet of regeneration (around neck)
 F - a +5 ring of evasion
 Q - a ring of poison resistance
Talismans
 c - a beast talisman
 d - a flux talisman
Wands
 y - a wand of paralysis (11)
 B - a wand of roots (16)
 N - a wand of flame (9)
Scrolls
 e - 2 scrolls of immolation
 g - 4 scrolls of enchant armour
 h - 6 scrolls of teleportation
 j - a scroll of enchant weapon
 k - 11 scrolls of identify
 l - 3 scrolls of noise
 o - a scroll of blinking
 t - 2 scrolls of amnesia
 w - a scroll of revelation
 I - a scroll of fog
Potions
 b - 2 potions of lignification
 f - a potion of magic
 i - 2 potions of invisibility
 q - a potion of degeneration
 r - a potion of enlightenment
 s - 3 potions of might
 v - 4 potions of curing
 x - 4 potions of heal wounds
 A - a potion of mutation
 E - a potion of brilliance
 H - 2 potions of haste


   Skills:
 + Level 11.7(16.7) Fighting
 + Level 9.9(14.9) Short Blades
 + Level 3.3(8.3) Armour
 - Level 8.0(13.0) Dodging
 - Level 8.0(13.0) Unarmed Combat
 - Level 8.9 Shapeshifting


You had 12 spell levels left.
You didn't know any spells.
Your spell library contained the following spells:

 Spells                   Type           Power      Damage    Failure   Level
 Apportation              Tloc           0%         N/A       50%         1
 Freeze                   Ice            0%         1d3       50%         1
 Necrotise                Necr           0%         1d4       50%         1
 Slow                     Hex            0%         N/A       50%         1
 Poisonous Vapours        Pois/Air       0%         N/A       63%         2
 Sublimation of Blood     Necr           0%         N/A       63%         2
 Wereblood                Tmut           0%         N/A       63%         2
 Confusing Touch          Hex            0%         N/A       86%         3
 Frozen Ramparts          Ice            0%         1d1       86%         3
 Hailstorm                Conj/Ice       0%         3d3       86%         3
 Mephitic Cloud           Conj/Pois/Air  0%         N/A       86%         3
 Sigil of Binding         Hex            0%         N/A       86%         3
 Vampiric Draining        Necr           0%         2d6       86%         3
 Freezing Cloud           Conj/Ice/Air   0%         6-21      100%        5
 Summon Small Mammal      Summ           Unusable   N/A       N/A         1
 Summon Hydra             Summ           Unusable   N/A       N/A         7

Dungeon Overview and Level Annotations

Branches:
Dungeon (11/15)            Temple (1/1) D:6            Lair (4/5) D:11
  Swamp (0/4) Lair:2       Spider (0/4) Lair:3          Orc (0/2) D:10
Ossuary (visited)          Bailey (visited)
  Slime: Lair:4-5

Altars:
Ashenzari
Cheibriados
Dithmenos
Elyvilon
Fedhas
Gozag
Hepliaklqana
Kikubaaqudgha
Makhleb
Nemelex Xobeh
Okawaru
Qazlal
Ru
Sif Muna
Trog
Uskayaw
Vehumet
Wu Jian
Xom
Yredelemnul
Zin
The Shining One

Shops:
D:4 (   D:7 =*   D:8 (

Annotations:
D:10 3 runed translucent doors, Savior361's ghost, novice FoHu
Lair:2 1 runed translucent door, ranchalot's ghost, journeyman OpSh


Innate Abilities, Weirdness & Mutations

You are a hulking beast.
Your limbs bulge with bestial killing power. (Slay +4)
You are too large for most types of armour.
You have claws for hands.
Your natural rate of healing is unusually fast.
You are covered in fur. (AC +1)
You have tough skin. (AC +1)
You passively map a small area around you.


Message History

The skyshark misses you.
The rime drake bites you but does no damage.
The blink frog misses you. The blink frog closely misses you.
You puncture the skyshark! You claw the skyshark!!
The skyshark is almost dead.
The ice encasing you melts away. The skyshark bites you!!
The skyshark tail-slaps you. The skyshark barely misses you.
The blink frog hits you but does no damage.
You hit the skyshark.
The skyshark is almost dead.
The blink frog hits you but does no damage.
The rime drake breathes ice at you. The icy flash freeze hits you!
You are encased in ice.
The skyshark bites you!
* * * LOW HITPOINT WARNING * * *
The skyshark misses you. The skyshark tail-slaps you.
* * * LOW HITPOINT WARNING * * *
You puncture the skyshark!
The skyshark is almost dead.
The blink frog barely misses you. The blink frog misses you.
The rime drake bites you.
* * * LOW HITPOINT WARNING * * *
Unknown command.
You barely miss the skyshark. Your claw misses the skyshark.
The skyshark is almost dead.
The skyshark bites you.
* * * LOW HITPOINT WARNING * * *
The skyshark tail-slaps you.
* * * LOW HITPOINT WARNING * * *
The skyshark tail-slaps you.
* * * LOW HITPOINT WARNING * * *
The blink frog hits you but does no damage.
The blink frog hits you!
* * * LOW HITPOINT WARNING * * *
You hit the skyshark but do no damage.
The skyshark is almost dead.
The rime drake closely misses you. The skyshark bites you!!
You die...

#......##
##.......#
#P.......#
##......##
#........#
#P......##
##.......#
#FF.....#
##hk....##
#..l.....#
##.......#
#.......#
*
*#......##
#.......P#
*
##......##
........#
,
,.......##


You could see a skyshark (berserk), 2 blink frogs and a rime drake.

Vanquished Creatures
  Gastronok (Lair:1)
  Snorg (D:10)
  Harold (D:10)
  A hydra (Lair:2)
  A catoblepas (Lair:3)
  2 boulder beetles (D:11)
  A death yak (Lair:3)
  3 two-headed ogres (D:11)
  A skyshark (Lair:3)
  An orc knight (Bailey)
  7 cyclopes (D:11)
  5 elephants (Lair:2)
  4 black mambas
  8 cane toads
  6 rime drakes
  8 komodo dragons
  2 trolls (D:11)
  2 hornets
  A polar bear (Lair:3)
  2 blink frogs (Lair:4)
  A jumping spider (Lair:3)
  A shadow (D:11)
  A culicivora (Lair:3)
  7 wyverns
  36 yaks
  A vampire (D:11)
  2 wraiths (D:11)
  3 basilisks
  A steam dragon (D:8)
  A swamp worm (Lair:2)
  An acid dragon (D:11)
  7 water moccasins
  2 ice beasts
  12 orc warriors
  3 black bears
  An ogre (D:6)
  8 centaurs
  5 wolves (Lair:2)
  4 kobold brigands
  2 phantoms
  20 bullfrogs
  5 scorpions
  A gnoll sergeant (D:7)
  11 wights
  8 killer bees
  5 electric eels
  5 howler monkeys
  4 orc priests
  2 gnoll boudas
  3 hounds
  7 iguanas
  7 orc wizards
  2 mummies
  11 adders
  23 gnolls
  A shadow imp (D:5)
  4 white imps
  2 ufetubi (D:5)
  4 worms
  2 dart slugs
  55 orcs
  5 spectral bats (Ossuary)
  10 ball pythons
  13 endoplasms
  7 giant cockroaches
  12 gnoll zombies (Ossuary)
  13 goblins
  5 hobgoblins
  32 kobolds
  2 quokkas (D:4)
  4 bats
  5 bat simulacra (Ossuary)
  5 frilled lizards
  2 goblin simulacra (Ossuary)
  5 goblin zombies
  11 hobgoblin zombies
  4 kobold simulacra (Ossuary)
  2 kobold skeletons (D:6)
  3 kobold zombies
  An orc skeleton (D:6)
  6 orc zombies (Ossuary)
  7 rats
  4 rat simulacra (Ossuary)
  2 spectral goblins (Ossuary)
  3 spectral kobolds (Ossuary)
  3 spectral rats (Ossuary)
505 creatures vanquished.

Notes
Turn   | Place    | Note
-------+----------+-------------------------------------------
     0 | D:1      | DocClef the Troll Shapeshifter began the quest for the Orb.
     0 | D:1      | Reached XP level 1. HP: 18/18 MP: 0/0
    78 | D:1      | Reached skill level 1 in Fighting
    90 | D:1      | Reached XP level 2. HP: 27/27 MP: 1/1
   585 | D:2      | Reached XP level 3. HP: 33/33 MP: 2/2
   796 | D:2      | Reached XP level 4. HP: 41/41 MP: 3/3
  1019 | D:2      | Found a white marble altar of Elyvilon.
  1268 | D:3      | Found a blossoming altar of Fedhas.
  1282 | D:3      | Found an iron altar of Okawaru.
  1286 | D:3      | Reached skill level 2 in Fighting
  1291 | D:3      | Found a hide-covered altar of Uskayaw.
  1294 | D:3      | Found a radiant altar of Vehumet.
  1416 | D:3      | Became a worshipper of Warmaster Okawaru
  1459 | D:3      | Reached XP level 5. HP: 49/49 MP: 4/4
  1949 | D:4      | Found a white marble altar of Elyvilon.
  2095 | D:4      | Found Famesuw's Antique Weapon Shop.
  2226 | D:4      | Found a shadowy altar of Dithmenos.
  2355 | D:4      | Noticed a phantom
  2360 | D:4      | Killed a phantom
  2361 | D:4      | Reached XP level 6. HP: 46/59 MP: 5/5
  2419 | D:4      | Reached * piety under Okawaru
  2550 | D:5      | Entered Level 5 of the Dungeon
  2550 | D:5      | Noticed an ice beast
  2557 | D:5      | Killed an ice beast
  2558 | D:5      | Reached skill level 3 in Fighting
  2558 | D:5      | Reached XP level 7. HP: 67/67 MP: 6/6
  2731 | D:5      | Reached skill level 5 in Unarmed Combat
  3022 | D:5      | Reached ** piety under Okawaru
  3023 | D:5      | Reached skill level 5 in Shapeshifting
  3095 | D:5      | Found an ancient bone altar of Kikubaaqudgha.
  3142 | D:5      | Found a shimmering blue altar of Sif Muna.
  3211 | D:5      | Reached XP level 8. HP: 78/78 MP: 7/7
  3405 | D:6      | Found a staircase to the Ecumenical Temple.
  3468 | D:6      | Reached skill level 4 in Fighting
  3633 | D:6      | Found a glowing golden altar of the Shining One.
  3725 | D:6      | Found a snail-covered altar of Cheibriados.
  3880 | D:6      | Reached *** piety under Okawaru
  3902 | Temple   | Entered the Ecumenical Temple
  4023 | D:6      | Reached skill level 5 in Dodging
  4115 | D:7      | Found Pexityef's General Store.
  4156 | D:6      | Reached XP level 9. HP: 67/87 MP: 8/8
  4251 | D:7      | Found Acsigi's Jewellery Shoppe.
  4261 | D:7      | Reached skill level 5 in Fighting
  4262 | D:7      | Found a sand-covered staircase.
  4267 | Ossuary  | Entered an ossuary
  5187 | D:8      | Reached **** piety under Okawaru
  5348 | D:8      | Found Oweak's Antique Weapon Shoppe.
  5761 | D:9      | Paralysed by a hornet for 3 turns
  5777 | D:9      | Gained mutation: You sometimes lose your temper in combat.
                  | [potion of mutation]
  5777 | D:9      | Gained mutation: You passively map a small area around you.
                  | [potion of mutation]
  5777 | D:9      | Lost mutation: You sometimes lose your temper in combat.
                  | [potion of mutation]
  5798 | D:9      | Found a flagged portal.
  5825 | Bailey   | Entered a bailey
  6075 | Bailey   | Reached skill level 6 in Fighting
  6177 | Bailey   | Found the +8 arc blade {discharge, rElec}
  6182 | Bailey   | Noticed an orc knight
  6200 | Bailey   | Killed an orc knight
  6201 | Bailey   | Reached XP level 10. HP: 71/98 MP: 2/9
  6669 | D:9      | Reached skill level 1 in Short Blades
  6989 | D:10     | Entered Level 10 of the Dungeon
  7090 | D:10     | Reached ***** piety under Okawaru
  7147 | D:10     | Noticed Snorg
  7156 | D:10     | Killed Snorg
  7182 | D:10     | Found a sacrificial altar of Ru.
  7233 | D:10     | Found a runed translucent gate.
  7234 | D:10     | Found a runed translucent gate.
  7245 | D:10     | Found a runed translucent gate.
  7247 | D:10     | Noticed Savior361's ghost (novice FoHu)
  7368 | D:10     | Found a staircase to the Orcish Mines.
  7372 | D:10     | Reached skill level 7 in Fighting
  7420 | D:10     | Found a glowing silver altar of Zin.
  7420 | D:10     | Noticed an angel
  7687 | D:10     | Received a gift from Okawaru
  7761 | D:10     | Noticed Harold
  7775 | D:10     | Killed Harold
  7776 | D:10     | Reached XP level 11. HP: 64/109 MP: 7/10
  7873 | D:10     | Paralysed by a hornet for 1 turns
  8063 | D:11     | Noticed a boulder beetle
  8080 | D:11     | Killed a boulder beetle
  8107 | D:11     | Noticed a two-headed ogre
  8118 | D:11     | Killed a two-headed ogre
  8347 | D:11     | Noticed a two-headed ogre
  8353 | D:11     | Killed a two-headed ogre
  8353 | D:11     | Received a gift from Okawaru
  8467 | D:11     | Found a staircase to the Lair.
  8494 | D:11     | Reached skill level 8 in Fighting
  8573 | D:11     | Noticed a two-headed ogre
  8596 | D:11     | Reached skill level 5 in Short Blades
  8612 | D:11     | Killed a two-headed ogre
  8652 | D:11     | Reached skill level 9 in Fighting
  8652 | D:11     | Reached XP level 12. HP: 77/123 MP: 11/11
  8806 | Lair:1   | Entered Level 1 of the Lair of Beasts
  8806 | Lair:1   | Noticed a boulder beetle
  8819 | D:11     | Killed a boulder beetle
  8917 | Lair:1   | Received a gift from Okawaru
  9108 | Lair:1   | Noticed Gastronok
  9122 | Lair:1   | Killed Gastronok
  9227 | Lair:1   | Found a basalt altar of Yredelemnul.
  9459 | Lair:2   | Noticed a seven-headed hydra
  9467 | Lair:2   | Killed a seven-headed hydra
  9468 | Lair:2   | Reached skill level 10 in Fighting
  9513 | Lair:2   | Reached ****** piety under Okawaru
  9526 | Lair:2   | Received a gift from Okawaru
  9987 | Lair:2   | Reached XP level 13. HP: 107/136 MP: 12/12
  9994 | Lair:2   | Reached skill level 11 in Fighting
 10026 | Lair:2   | Found a runed translucent door.
 10136 | Lair:2   | Noticed ranchalot's ghost (journeyman OpSh)
 10391 | Lair:2   | Found a staircase to the Swamp.
 10558 | Lair:3   | Reached skill level 1 in Armour
 10722 | Lair:3   | Received a gift from Okawaru
 11363 | Lair:3   | Found a hole to the Spider Nest.
 11621 | Lair:4   | Mangled by a skyshark

Illustrated notes

Levels and vault maps discovered:
D:1:      dpeg_arrival_erosion, layout_basic, hex_medium
D:2:      layout_rooms, basic_altar
D:3:      layout_basic, grunt_temple_overflow_cloverleaf,
          mrwooster_statue_mirror
D:4:      layout_cave_pools, elyvilon_altar_5, overflow_temple_1_default,
          serial_shops, nicolae_shop_rolling_square, minmay_increasing_density
D:5:      layout_gridville, led_sif_pool, kiku_gazebo_garden_becter
D:6:      layout_rooms, nicolae_tso_besieged_by_evil, slow_altar_1,
          minmay_temple_entry_antechambers, amcnicky_mini_corridor_feature,
          kennysheep_generic_room_2
D:7:      layout_cave_pools, serial_shops, nicolae_stop_n_shop_1,
          nicolae_ossuary_entry_false_entrances, nicolae_take_the_stairs,
          chequers_serial_rivers_micro_c, serial_park_tiny_1
D:8:      layout_basic, serial_shops, nicolae_shop_tiny_glass
D:9:      layout_big_octagon, enter_bailey_5, chequers_decorated_corner
D:10:     layout_basic, zin_angel, mainiacjoe_overflow_surrounded_room,
          david_orc_5, gammafunk_ghost_nasty_kobolds, uniq_snorg, uniq_harold
D:11:     minmay_clustersquares, layout_cave_pools, david_lair_shrubbed
Temple:   nicolae_temple_ecumenical_triangle
Lair:1:   layout_misc_corridors, basic_altar, beast_lair_carwin_2,
          uniq_gastronok
Lair:2:   layout_regular_city, nicolae_swamp_entry_splash_gauntlet,
          gammafunk_ghost_grave, beast_lair_carwin_10,
          infiniplex_staircase_pool_2, serial_bayou_shore_a, grunt_megastairs_5,
          serial_bayou_shore_b, lemuel_fruit_tree
Lair:3:   layout_regular_city, spider_nest_entry_funnel_web,
          guppyfry_lair_drakes, grunt_megastairs_4, lemuel_fruit_fields,
          serial_bayou_shore_b
Lair:4:   layout_big_grid, hangedman_lair_unloving_vines, minmay_lair_drake_nest

Skill      XL: |  1  2  3  4  5  6  7  8  9 10 11 12 13 |
---------------+----------------------------------------+-----
Fighting       | 1 2 3 4 6 7 9 10 11 | 11.7
Dodging        | 2 3 4 5 6 7 8 |  8.0
Unarmed Combat | 4 5 6 8 |  8.0
Shapeshifting  | 4 5 6 7 8 |  8.9
Short Blades   | 3 6 9 |  9.9
Armour         | 3 |  3.3

Action                     |  1- 3 |  4- 6 |  7- 9 | 10-12 | 13-15 || total
---------------------------+-------+-------+-------+-------+-------++-------
  Melee: Unarmed           |    87 |   155 |   463 |     2 |       ||   707
         Punch             |       |     1 |    21 |    25 |    13 ||    60
         Rapier            |       |       |       |   400 |   183 ||   583
 Invoke: Heroism           |       |       |     1 |     4 |     2 ||     7
         Finesse           |       |       |     1 |       |     1 ||     2
    Use: Scroll            |       |       |    13 |       |     2 ||    15
         Potion            |       |       |    10 |       |     3 ||    13
   Stab: Sleeping          |     1 |       |     1 |       |       ||     2
         Petrified         |       |       |       |       |     6 ||     6
 Armour: Animal skin       |    69 |    89 |   347 |   215 |       ||   720
         Skin              |       |       |    35 |       |       ||    35
         Troll leather arm |       |       |       |   365 |   238 ||   603
  Dodge: Dodged            |    39 |    57 |   225 |   274 |   101 ||   696

Table legend: (Time is in decaauts)
 A = Elapsed time spent in this place.
 B = Non-inter-level travel time spent in this place.
 C = Inter-level travel time spent in this place.
 D = Time resting spent in this place.
 E = Time spent auto-exploring this place.
 F = Levels seen in this place.
 G = Mean time per level.
                   A        B        C        D        E       F      G
               +--------+--------+--------+--------+--------+-----+--------+
         Total |  11464 |  11139 |    325 |    500 |   7759 |  18 |  636.9 |
       Dungeon |   7956 |   7649 |    307 |    191 |   5519 |  11 |  723.3 |
        Temple |     33 |     33 |      0 |     28 |      0 |   1 |   33.0 |
          Lair |   2721 |   2703 |     18 |    218 |   1955 |   4 |  680.2 |
       Ossuary |    273 |    273 |      0 |      0 |    137 |   1 |  273.0 |
        Bailey |    480 |    480 |      0 |     63 |    148 |   1 |  480.0 |
               +--------+--------+--------+--------+--------+-----+--------+

Top non-repeatable levels by time:
    D:10: 1134 daAuts
  Lair:2: 1048 daAuts
  Lair:3: 983 daAuts
     D:3: 858 daAuts
     D:9: 788 daAuts
     D:5: 781 daAuts
     D:6: 732 daAuts
    D:11: 695 daAuts
     D:4: 671 daAuts
     D:8: 663 daAuts
     D:1: 650 daAuts
  Lair:1: 636 daAuts
     D:7: 562 daAuts
  Bailey: 480 daAuts
     D:2: 417 daAuts
